TOP OF THE 1ST |
Minot Jets batting - Pitching for Ogden Spikes : LHP John Horner
|
Pitching: LHP John Horner
|
|
Batting: RHB George Vogel
|
0-0: Foul Ball, location: 2F 0-1: Ball 1-1: Swinging Strike 1-2: Ball 2-2: Strikes out looking
|
Batting: RHB William Phillips
|
0-0: Ball 1-0: SINGLE (Groundball, 6MD, EV 94.4 MPH)
|
Batting: LHB Douglas Reibel
|
0-0: Called Strike 0-1: Foul Ball, location: 2F 0-2: Ball 1-2: Fielders Choice at 2nd, 3-6 (Groundball, 34, EV 86.9 MPH)
|
Batting: RHB Troy Afenir
|
0-0: Ball 1-0: Fielders Choice at 2nd, 5-4 (Groundball, 56, EV 85.0 MPH)
|
Top of the 1st over - 0 runs, 1 hit, 0 errors, 1 left on base; Minot 0 - Ogden 0 |
BOTTOM OF THE 1ST |
Ogden Spikes batting - Pitching for Minot Jets : RHP Julio Molina
|
Pitching: RHP Julio Molina
|
|
Batting: RHB Jeffrey Smith
|
0-0: Ball 1-0: SINGLE (Groundball, 56D, EV 101.9 MPH)
|
Batting: LHB Marvin Parker
|
0-0: Called Strike 0-1: Ball 1-1: Swinging Strike 1-2: Ball 2-2: Grounds into double play, 4-6-3 (Groundball, 4, EV 86.9 MPH)
|
Batting: LHB Sam Nattile
|
0-0: Called Strike 0-1: Ball 1-1: Ball 2-1: Ball 3-1: Foul Ball, location: 2F 3-2: Foul Ball, location: 2F 3-2: Strikes out swinging wild pitch, reaches first!
|
Batting: LHB Roberto Casasnovas
|
0-0: Swinging Strike 0-1: Ball 1-1: Called Strike 1-2: 2-RUN HOME RUN (Flyball, 7LD, EV 108.8 MPH), Distance : 347 ft
|
Batting: LHB Dave Vetsch
|
0-0: Ball 1-0: Ball 2-0: Ball 3-0: Swinging Strike 3-1: Swinging Strike 3-2: Strikes out swinging
|
Bottom of the 1st over - 2 runs, 2 hits, 0 errors, 0 left on base; Minot 0 - Ogden 2 |
TOP OF THE 2ND |
Minot Jets batting - Pitching for Ogden Spikes : LHP John Horner
|
Batting: RHB Tony Beal
|
0-0: Ball 1-0: Foul Ball, location: 2F 1-1: Ball 2-1: Fly out, F2 (Popup, 2RF, EV 95.0 MPH)
|
Batting: RHB Roberto Balaguer
|
0-0: Ball 1-0: Ball 2-0: Ball 3-0: Called Strike 3-1: Foul Ball, location: 2F 3-2: Fly out, F7 (Line Drive, 7, EV 99.4 MPH)
|
Batting: RHB David Griego
|
0-0: Swinging Strike 0-1: Fly out, F8 (Flyball, 78D, EV 80.0 MPH)
|
Top of the 2nd over - 0 runs, 0 hits, 0 errors, 0 left on base; Minot 0 - Ogden 2 |
BOTTOM OF THE 2ND |
Ogden Spikes batting - Pitching for Minot Jets : RHP Julio Molina
|
Batting: RHB Michael Gobbo
|
0-0: Called Strike 0-1: SINGLE (Line Drive, 8LS, EV 95.0 MPH)
|
Batting: RHB Ken Kraft
|
0-0: Ball 1-0: Swinging Strike 1-1: Fly out, F7 (Flyball, 78S, EV 80.0 MPH)
|
Batting: SHB Mark Lemke
|
0-0: Called Strike 0-1: Foul Ball, location: 2F 0-2: Strikes out looking
|
Batting: LHB Lenny Harris
|
0-0: Called Strike 0-1: Swinging Strike 0-2: Ball Wild Pitch! Michael Gobbo to second 1-2: SINGLE (Line Drive, 7LM, EV 98.8 MPH) Michael Gobbo to third Runner from 3rd tries for Home, SAFE, throw by LF to home Lenny Harris to second
|
Batting: RHB Jeffrey Smith
|
0-0: Ball 1-0: Ball 2-0: Called Strike 2-1: Foul Ball, location: 2F 2-2: Ball 3-2: Foul Ball, location: 2F 3-2: Ground out 4-3 (Groundball, 4, EV 85.6 MPH)
|
Bottom of the 2nd over - 1 run, 2 hits, 0 errors, 1 left on base; Minot 0 - Ogden 3 |
TOP OF THE 3RD |
Minot Jets batting - Pitching for Ogden Spikes : LHP John Horner
|
Batting: RHB Jesus Aybar
|
0-0: Fly out, F6 (Line Drive, 6, EV 73.1 MPH)
|
Batting: RHB Hugo Olivas
|
0-0: Ball 1-0: Swinging Strike 1-1: Ball 2-1: Ball 3-1: Called Strike 3-2: Strikes out swinging
|
Batting: RHB George Vogel
|
0-0: Swinging Strike 0-1: Foul Ball, location: 2F 0-2: Foul Ball, location: 2F 0-2: Ball 1-2: Reached via error on a dropped throw from 1B, E1 (Groundball, 34S, EV 88.8 MPH)
|
Batting: RHB William Phillips
|
0-0: Called Strike 0-1: Foul Ball, location: 2F 0-2: Ball 1-2: Strikes out swinging
|
Top of the 3rd over - 0 runs, 0 hits, 1 error, 1 left on base; Minot 0 - Ogden 3 |
BOTTOM OF THE 3RD |
Ogden Spikes batting - Pitching for Minot Jets : RHP Julio Molina
|
Batting: LHB Marvin Parker
|
0-0: Foul Ball, location: 2F 0-1: Ball 1-1: Ball 2-1: Ball 3-1: Base on Balls
|
Batting: LHB Sam Nattile
|
0-0: Ball 1-0: Called Strike 1-1: Ball 2-1: Ball 3-1: Grounds into double play, 6-4-3 (Groundball, 6, EV 81.9 MPH)
|
Batting: LHB Roberto Casasnovas
|
0-0: SOLO HOME RUN (Flyball, 9D, EV 101.3 MPH), Distance : 383 ft
|
Batting: LHB Dave Vetsch
|
0-0: Ball 1-0: Ground out 4-3 (Groundball, 4, EV 79.4 MPH)
|
Bottom of the 3rd over - 1 run, 1 hit, 0 errors, 0 left on base; Minot 0 - Ogden 4 |
TOP OF THE 4TH |
Minot Jets batting - Pitching for Ogden Spikes : LHP John Horner
|
Batting: LHB Douglas Reibel
|
0-0: Ball 1-0: Called Strike 1-1: Ball 2-1: Ball 3-1: Foul Ball, location: 2F 3-2: Foul Ball, location: 2F 3-2: Base on Balls
|
Batting: RHB Troy Afenir
|
0-0: Fly out, F9 (Flyball, 9LS, EV 92.5 MPH)
|
Batting: RHB Tony Beal
|
0-0: Called Strike 0-1: Called Strike 0-2: Ball 1-2: Ball 2-2: Strikes out swinging
|
Batting: RHB Roberto Balaguer
|
0-0: Swinging Strike 0-1: Ball 1-1: Ball 2-1: Ball 3-1: Called Strike 3-2: Ground out 5-3 (Groundball, 56S, EV 88.8 MPH)
|
Top of the 4th over - 0 runs, 0 hits, 0 errors, 1 left on base; Minot 0 - Ogden 4 |
BOTTOM OF THE 4TH |
Ogden Spikes batting - Pitching for Minot Jets : RHP Julio Molina
|
Batting: RHB Michael Gobbo
|
0-0: Ball 1-0: Ball 2-0: Foul Ball, location: 2F 2-1: Called Strike 2-2: Ball 3-2: Base on Balls
|
Batting: RHB Ken Kraft
|
0-0: Ball Wild Pitch! Michael Gobbo to second 1-0: Ball 2-0: Reached on error, E3 (Groundball, 3S, EV 70.0 MPH) Michael Gobbo scores
|
Batting: SHB Mark Lemke
|
0-0: Ball 1-0: Ball 2-0: Ball 3-0: Base on Balls
|
Batting: LHB Lenny Harris
|
0-0: Foul Ball, location: 2F 0-1: DOUBLE (Line Drive, 78M, EV 98.1 MPH) Ken Kraft scores Mark Lemke to third
|
Batting: RHB Jeffrey Smith
|
0-0: Ball 1-0: Ground out 5-3 (Groundball, 56, EV 103.1 MPH) Mark Lemke scores
|
Pitching: LHP Gregory Carne
|
|
Batting: LHB Marvin Parker
|
0-0: Called Strike 0-1: Foul Ball, location: 2F 0-2: Strikes out looking
|
Batting: LHB Sam Nattile
|
0-0: Ball 1-0: Swinging Strike 1-1: Ball 2-1: Foul Ball, location: 2F 2-2: Fly out, F9 (Flyball, 89D, EV 105.0 MPH)
|
Bottom of the 4th over - 3 runs, 1 hit, 1 error, 1 left on base; Minot 0 - Ogden 7 |
TOP OF THE 5TH |
Minot Jets batting - Pitching for Ogden Spikes : LHP John Horner
|
Batting: RHB David Griego
|
0-0: Swinging Strike 0-1: Ball 1-1: Ball 2-1: Called Strike 2-2: Ball 3-2: Base on Balls
|
Batting: RHB Jesus Aybar
|
0-0: Ball 1-0: Swinging Strike 1-1: Ball 2-1: Foul Ball, location: 2F 2-2: Foul Ball, location: 2F 2-2: Strikes out swinging
|
Batting: RHB Hugo Olivas
|
0-0: Called Strike 0-1: Foul Ball, location: 2F 0-2: Ball 1-2: Fly out, F8 (Flyball, 78D, EV 107.5 MPH)
|
Batting: RHB George Vogel
|
0-0: Fly out, F9 (Flyball, 9S, EV 81.9 MPH)
|
Top of the 5th over - 0 runs, 0 hits, 0 errors, 1 left on base; Minot 0 - Ogden 7 |
BOTTOM OF THE 5TH |
Ogden Spikes batting - Pitching for Minot Jets : LHP Gregory Carne
|
Batting: LHB Roberto Casasnovas
|
0-0: Ball 1-0: Foul Ball, location: 2F 1-1: Ball 2-1: Foul Ball, location: 2F 2-2: Foul Ball, location: 2F 2-2: Fly out, F7 (Flyball, 78S, EV 83.8 MPH)
|
Batting: LHB Dave Vetsch
|
0-0: Ball 1-0: Ball 2-0: Foul Ball, location: 2F 2-1: Swinging Strike 2-2: SINGLE (Groundball, 34S, EV 71.9 MPH) (infield hit)
|
Batting: RHB Michael Gobbo
|
0-0: Ball 1-0: Ball 2-0: Ball 3-0: Base on Balls Dave Vetsch to second
|
Batting: RHB Ken Kraft
|
0-0: Ball 1-0: Foul Ball, location: 2F 1-1: Foul Ball, location: 2F 1-2: Ball 2-2: Ball 3-2: Grounds into double play, 5-4-3 (Groundball, 56, EV 86.3 MPH)
|
Bottom of the 5th over - 0 runs, 1 hit, 0 errors, 1 left on base; Minot 0 - Ogden 7 |
TOP OF THE 6TH |
Minot Jets batting - Pitching for Ogden Spikes : LHP John Horner
|
Batting: RHB William Phillips
|
0-0: Ball 1-0: Ground out 5-3 (Groundball, 15, EV 78.8 MPH)
|
Batting: LHB Douglas Reibel
|
0-0: Foul Ball, location: 2F 0-1: DOUBLE (Line Drive, 89D, EV 108.8 MPH)
|
Batting: RHB Troy Afenir
|
0-0: Ball 1-0: Foul Ball, location: 2F 1-1: Called Strike 1-2: Fly out, F8 (Flyball, 8RXD, EV 98.1 MPH) Runner from 2nd tags up, SAFE at 3rd, no throw by CF
|
Batting: RHB Tony Beal
|
0-0: Ball 1-0: Fly out, F7 (Flyball, 7D, EV 100.6 MPH)
|
Top of the 6th over - 0 runs, 1 hit, 0 errors, 1 left on base; Minot 0 - Ogden 7 |
BOTTOM OF THE 6TH |
Ogden Spikes batting - Pitching for Minot Jets : LHP Gregory Carne
|
Batting: SHB Mark Lemke
|
0-0: Ball 1-0: Ball 2-0: Ball 3-0: Base on Balls
|
Batting: LHB Lenny Harris
|
0-0: Ball Wild Pitch! Mark Lemke to second 1-0: Ball 2-0: Fly out, F7 (Flyball, 7LS, EV 86.3 MPH)
|
Batting: RHB Jeffrey Smith
|
0-0: Called Strike 0-1: Ball 1-1: Foul Ball, location: 2F 1-2: SINGLE (Groundball, 6M, EV 97.5 MPH) (infield hit) Mark Lemke to third
|
Batting: LHB Marvin Parker
|
0-0: Foul Ball, location: 2F 0-1: Ball 1-1: Fly out, F5 (Popup, 56S, EV 89.4 MPH)
|
Batting: LHB Sam Nattile
|
0-0: Foul Ball, location: 2F 0-1: Foul Ball, location: 2F 0-2: DOUBLE (Flyball, 8LXD, EV 97.5 MPH) Mark Lemke scores Jeffrey Smith to third
|
Batting: LHB Roberto Casasnovas
|
0-0: Foul Ball, location: 2F 0-1: Called Strike 0-2: Ball 1-2: Foul Ball, location: 2F 1-2: Foul Ball, location: 2F 1-2: Ball 2-2: Ball 3-2: Base on Balls
|
Batting: LHB Dave Vetsch
|
0-0: Called Strike 0-1: Called Strike 0-2: Foul Ball, location: 2F 0-2: Ball 1-2: Foul Ball, location: 2F 1-2: Ball 2-2: Foul Ball, location: 2F 2-2: Ball 3-2: Foul Ball, location: 2F 3-2: Fly out, F9 (Line Drive, 9, EV 98.1 MPH)
|
Bottom of the 6th over - 1 run, 2 hits, 0 errors, 3 left on base; Minot 0 - Ogden 8 |
TOP OF THE 7TH |
Minot Jets batting - Pitching for Ogden Spikes : LHP John Horner
|
Pinch Hitting: RHB Joe Karmeris
|
0-0: Called Strike 0-1: Swinging Strike 0-2: Ball 1-2: SINGLE (Flyball, 4D, EV 90.6 MPH)
|
Batting: RHB David Griego
|
0-0: Foul Ball, location: 2F 0-1: Grounds into double play, 4-6-3 (Groundball, 4, EV 79.4 MPH)
|
Batting: RHB Jesus Aybar
|
0-0: Single, Error in OF, E7, batter to second base (Line Drive, 78S, EV 91.9 MPH)
|
Batting: RHB Hugo Olivas
|
0-0: SINGLE (Flyball, 78S, EV 86.9 MPH) Jesus Aybar to third Runner from 3rd tries for Home, SAFE, throw by CF to home
|
Pinch Hitting: RHB Brent Gjesdal
|
0-0: Called Strike 0-1: Ball 1-1: Foul Ball, location: 2F 1-2: Fly out, F5 (Popup, 5F, EV 77.5 MPH)
|
Top of the 7th over - 1 run, 3 hits, 1 error, 1 left on base; Minot 1 - Ogden 8 |
BOTTOM OF THE 7TH |
Ogden Spikes batting - Pitching for Minot Jets : LHP Gregory Carne
|
Now in LF: Brent Gjesdal
|
|
Now in CF: Joe Karmeris
|
|
Pinch Hitting: RHB Terry Bell
|
0-0: Ball 1-0: SINGLE (Flyball, 4MD, EV 90.0 MPH)
|
Pitching: RHP Guillermo Thomas
|
|
Pinch Hitting: RHB Joseph Jarrell
|
0-0: Foul Ball, location: 2F 0-1: Ball 1-1: Foul Ball, location: 2F 1-2: Foul Ball, location: 2F 1-2: Foul Ball, location: 2F 1-2: Ball 2-2: Ball 3-2: Strikes out looking Terry Bell is caught stealing 2nd base 2-4 Batter strikes out.
|
Pinch Hitting: RHB Tom Alfredson
|
0-0: Ball 1-0: Ball 2-0: Called Strike 2-1: Ball 3-1: Called Strike 3-2: Foul Ball, location: 2F 3-2: Strikes out swinging
|
Bottom of the 7th over - 0 runs, 1 hit, 0 errors, 0 left on base; Minot 1 - Ogden 8 |
TOP OF THE 8TH |
Minot Jets batting - Pitching for Ogden Spikes : LHP John Horner
|
Now at C: Terry Bell
|
|
Now at 2B: Tom Alfredson
|
|
Now at SS: Joseph Jarrell
|
|
Batting: RHB William Phillips
|
0-0: Called Strike 0-1: Ball 1-1: Fly out, F6 (Line Drive, 6, EV 74.4 MPH)
|
Pinch Hitting: RHB Joe Mitchell
|
0-0: Ball 1-0: Foul Ball, location: 2F 1-1: Ball 2-1: Called Strike 2-2: SINGLE (Line Drive, 8LS, EV 100.0 MPH)
|
Batting: RHB Troy Afenir
|
0-0: Fly out, F7 (Flyball, 7D, EV 106.3 MPH)
|
Pinch Hitting: SHB Ken Kinnard
|
0-0: Ball 1-0: Foul Ball, location: 2F 1-1: Foul Ball, location: 2F 1-2: Ball 2-2: Ball 3-2: Base on Balls Joe Mitchell to second
|
Batting: RHB Joe Karmeris
|
0-0: Fly out, F4 (Popup, 34, EV 63.1 MPH)
|
Top of the 8th over - 0 runs, 1 hit, 0 errors, 2 left on base; Minot 1 - Ogden 8 |
BOTTOM OF THE 8TH |
Ogden Spikes batting - Pitching for Minot Jets : RHP Guillermo Thomas
|
Now at 1B: Joe Mitchell
|
|
Now in RF: Ken Kinnard
|
|
Batting: LHB Lenny Harris
|
0-0: Ball 1-0: SINGLE (Groundball, 4MD, EV 95.6 MPH)
|
Pinch Hitting: RHB Paul Wright
|
0-0: Called Strike 0-1: Ball 1-1: Foul Ball, location: 2F 1-2: Ball 2-2: Foul Ball, location: 2F 2-2: Strikes out swinging
|
Batting: LHB Marvin Parker
|
0-0: Foul Ball, location: 2F 0-1: Ball 1-1: Called Strike 1-2: Grounds into double play, 3-6-3 (Groundball, 34, EV 97.5 MPH)
|
Bottom of the 8th over - 0 runs, 1 hit, 0 errors, 0 left on base; Minot 1 - Ogden 8 |
TOP OF THE 9TH |
Minot Jets batting - Pitching for Ogden Spikes : LHP John Horner
|
Now in CF: Todd Johnson
|
|
Batting: RHB David Griego
|
0-0: Ball 1-0: Ball 2-0: Ball 3-0: Base on Balls
|
Pitching: RHP Douglas Barba
|
|
Batting: RHB Jesus Aybar
|
0-0: Called Strike 0-1: Ball 1-1: Swinging Strike 1-2: Foul Ball, location: 2F 1-2: Strikes out swinging
|
Batting: RHB Hugo Olivas
|
0-0: Ball 1-0: Ball 2-0: Called Strike 2-1: Fly out, F8 (Flyball, 8LS, EV 73.1 MPH)
|
Pinch Hitting: RHB Aristides Rodriguez
|
0-0: Foul Ball, location: 2F 0-1: Called Strike 0-2: Strikes out swinging
|
Top of the 9th over - 0 runs, 0 hits, 0 errors, 1 left on base; Minot 1 - Ogden 8 |
|